 Dungeon Crawl Stone Soup version 0.23.1-37-gaa34b87 (webtiles) character file.

Game seed: 11708852614061147352

55 snowfan the Caller (level 3, 0/24 HPs)
             Began as a Mummy Summoner on Mar 21, 2019.
             Slain by a hobgoblin (3 damage)
             ... on level 2 of the Dungeon.
             The game lasted 00:05:58 (1637 turns).

snowfan the Caller (Mummy Summoner)                 Turns: 1637, Time: 00:05:58

Health: 0/24       AC:  2    Str: 11    XL:     3   Next: 67%
Magic:  0/7        EV: 12    Int: 15    God:
Gold:   57         SH:  0    Dex: 12    Spells: 4/7 levels left

rFire    x . .     SeeInvis .   c - +0 dagger (curse)
rCold    + . .     Gourm    .   (no shield)
rNeg     + + +     Faith    .   a - +0 robe
rPois    ∞         Spirit   .   (no helmet)
rElec    .         Reflect  .   (no cloak)
rCorr    .         Harm     .   (no gloves)
MR       .....                  (no boots)
Stlth    ++........             (no amulet)
HPRegen  0.08/turn              (no ring)
MPRegen  0.10/turn              (no ring)

@: no status effects
A: no food or potions, fire vulnerability, cold resistance 1, negative energy
resistance 3, torment resistance, unbreathing
a: no special abilities


You were on level 2 of the Dungeon.
You were not hungry.

You visited 1 branch of the dungeon, and saw 2 of its levels.

You collected 57 gold pieces.

Inventory:

Hand Weapons
 c - a cursed +0 dagger (weapon)
 j - a +1 short sword of electrocution
Armour
 a - a +0 robe (worn)
Scrolls
 b - a scroll of fog {unknown}
 d - a scroll of remove curse {unknown}
 e - a scroll of random uselessness {unknown}
 f - a scroll of teleportation {unknown}
 g - 2 scrolls of identify {unknown}
 h - a scroll of noise {unknown}
 i - a scroll of enchant weapon {unknown}


   Skills:
 - Level 1.5 Dodging
 - Level 1.5 Stealth
 - Level 2.6 Spellcasting
 + Level 4.5 Summonings


You had 4 spell levels left.
You knew the following spells:

 Your Spells              Type           Power        Failure   Level  Hunger
a - Summon Small Mammal   Summ           ###.         3%          1    N/A
s - Call Imp              Summ           ###.....     4%          2    N/A

Your spell library contained the following spells:

 Spells                   Type           Power        Failure   Level  Hunger
 Call Canine Familiar     Summ           ###.....     10%         3    N/A
 Summon Guardian Golem    Hex/Summ       #.......     24%         3    N/A
 Summon Ice Beast         Ice/Summ       #.......     63%         4    N/A
 Summon Lightning Spire   Summ/Air       #.......     63%         4    N/A

Dungeon Overview and Level Annotations

Branches:
Dungeon (2/15)

Altars:


Innate Abilities, Weirdness & Mutations

You do not eat or drink.
Your flesh is vulnerable to fire.
You are immune to poison.
Your flesh is cold resistant. (rC+)
You are immune to negative energy. (rN+++)
You are immune to unholy pain and torment.
You can survive without breathing.


Message History

Your bat's corpse disappears in a puff of smoke!
Your bat barely misses the hobgoblin.
Your bat closely misses the hobgoblin.
Your bat misses the hobgoblin. Your bat hits the hobgoblin.
Your bat hits the hobgoblin but does no damage.
The hobgoblin hits you.
* * * LOW HITPOINT WARNING * * *
You barely miss the hobgoblin.
The hobgoblin is moderately wounded.
Your bat hits the hobgoblin but does no damage.
The hobgoblin hits you.
* * * LOW HITPOINT WARNING * * *
Your bat barely misses the hobgoblin.
Your bat hits the worm but does no damage.
Your bat hits the hobgoblin but does no damage.
Your bat barely misses the hobgoblin.
Casting: Summon Small Mammal (safe; 3% risk of failure)
Confirm with . or Enter, or press ? or * to list all spells.
The hobgoblin hits you.
You die...

#........# #....# #........#
#....## #........# ##.#..##
.#........#####.##..#.#
................###.#.#
#...........##### #.#.# .
##.###.........####.#.# #..
##.##.....b..##...## #.#
#..######...@g÷##..###.# #.##
######.b#......# #####.#
#.......)..######
....†.#########...##..#.##.......
................## #.............
##.........##### ##......####
#...>.....# ###.......###
#........## ##.#..##....
#........############..#...#####


You could see a hobgoblin and 2 friendly bats.

Vanquished Creatures
  An ooze (D:1)
  A rat (D:2)
2 creatures vanquished.

Vanquished Creatures (collateral kills)
  A hound (D:2)
  Jessica (D:2)
  An adder (D:2)
  A worm (D:2)
  A dart slug (D:1)
  2 ball pythons (D:2)
  A giant cockroach (D:1)
  6 goblins
  3 hobgoblins
  2 jackals (D:1)
  4 bats
  A kobold (D:1)
  2 rats (D:1)
26 creatures vanquished.

Grand Total: 28 creatures vanquished

Notes
Turn   | Place    | Note
-------+----------+-------------------------------------------
     0 | D:1      | snowfan the Mummy Summoner began the quest for the Orb.
     0 | D:1      | Reached XP level 1. HP: 13/13 MP: 4/4
   194 | D:1      | Reached XP level 2. HP: 19/19 MP: 1/5
   854 | D:1      | Learned a level 2 spell: Call Imp
  1208 | D:2      | Noticed Jessica
  1219 | D:2      | Killed Jessica
  1219 | D:2      | Reached skill level 4 in Summonings
  1219 | D:2      | Reached XP level 3. HP: 24/24 MP: 1/7
  1637 | D:2      | Slain by a hobgoblin

Skill      XL: |  1  2 |
---------------+-------+-----
Summonings     | 4 |  4.5
Dodging        | |  1.5
Stealth        | |  1.5
Spellcasting   | |  2.6

Action                   || total
-------------------------++-------
Melee: Dagger            ||    17
       Unarmed           ||     1
 Cast: Summon Small Mamm ||    40
       Call Imp          ||    16
Armor: Robe              ||     2
Dodge: Dodged            ||    19
